 Dungeon Crawl Stone Soup version 0.21-a0-518-g43a1781948 (webtiles) character file.

274 Kaname the Conjurer (level 6, 26/41 HPs)
             Began as a Demonspawn Wizard on Dec 4, 2017.
             Quit the game on level 3 of the Dungeon.
             The game lasted 00:11:45 (3043 turns).

Kaname the Conjurer (Demonspawn Wizard)             Turns: 3043, Time: 00:11:45

Health: 26/41      AC:  4    Str:  7    XL:     6   Next: 3%
Magic:  0/10       EV: 12    Int: 22    God:
Gold:   121        SH:  0    Dex: 11    Spells: 2/11 levels left

rFire    . . .     SeeInvis .   n - +0 trident
rCold    + . .     Gourm    .   (no shield)
rNeg     . . .     Faith    .   a - +0 robe
rPois    .         Spirit   .   b - +0 hat
rElec    .         Reflect  .   (no cloak)
rCorr    .         Harm     .   (no gloves)
MR       .....                  (no boots)
Stlth    ++........             (no amulet)
HPRegen  0.13/turn              h - ring of protection from cold
MPRegen  0.12/turn              (no ring)

@: very slightly contaminated
A: talons 1, icy blue scales 1, rot immunity
a: no special abilities


You were on level 3 of the Dungeon.
You were not hungry.

You visited 1 branch of the dungeon, and saw 3 of its levels.

You collected 121 gold pieces.

Inventory:

Hand Weapons
 n - a +0 trident (weapon)
Armour
 a - a +0 robe (worn)
 b - a +0 hat (worn)
Jewellery
 h - a ring of protection from cold (left hand)
Scrolls
 e - a scroll of blinking
 i - a scroll of identify {unknown}
 l - a scroll of enchant weapon {unknown}
 p - 3 scrolls of remove curse {unknown}
 q - 2 scrolls of teleportation {unknown}
Potions
 f - a potion of lignification {unknown}
 j - 2 potions of curing {unknown}
 k - a potion of brilliance {unknown}
Comestibles
 d - 3 bread rations
 m - 2 royal jellies
 o - 2 meat rations


   Skills:
 - Level 1.7 Dodging
 - Level 1.7 Stealth
 - Level 3.0 Spellcasting
 + Level 5.5 Conjurations
   Level 1.0 Summonings
 - Level 1.0 Translocations
 - Level 1.0 Fire Magic
 - Level 1.0 Air Magic
 - Level 1.0 Poison Magic


You had 2 spell levels left.
You knew the following spells:

 Your Spells              Type           Power        Failure   Level  Hunger
a - Magic Dart            Conj           ####         1%          1    None
b - Blink                 Tloc           N/A          12%         2    ##.....
c - Mephitic Cloud        Conj/Pois/Air  ##......     13%         3    ###....
d - Conjure Flame         Conj/Fire      ###.....     10%         3    ###....


Dungeon Overview and Level Annotations

Branches:
Dungeon (3/15)

Altars:
Fedhas
Hepliaklqana

Annotations:
D:3 exclusion: oklob plant


Innate Abilities, Weirdness & Mutations

You have sharp toenails.
You are partially covered in icy blue scales. (AC +2)
You are immune to rotting.


Message History

You hit Natasha but do no damage.
Natasha is severely wounded.
Natasha misses you.
You hit Natasha. Your kick misses Natasha.
Natasha is almost dead.
Natasha barely misses you.
Casting: Magic Dart
Confirm with . or Enter, or press ? or * to list all spells.
Aiming: Magic Dart
Press: ? - help, Shift-Dir - straight line, f/p - Natasha
Aim: Natasha (almost dead)
The magic dart hits Natasha.
You kill Natasha!
Natasha yowls pathetically as she dies!
You have reached level 6!
Your experience leads to an increase in your attributes!
Increase (S)trength, (I)ntelligence, or (D)exterity?
You feel clever.
Your demonic ancestry asserts itself...
Icy blue scales grow over part of your body.
Are you sure you want to abandon this character and quit the game? (Confirm with "yes".)

#ggg#...... ...............
#####≈≈≈≈≈≈≈≈≈≈ ...≈≈≈≈≈≈≈≈≈≈≈≈
≈≈≈≈≈≈≈≈≈≈≈≈≈≈≈≈≈....≈≈≈≈≈≈≈≈≈≈≈≈
≈5≈≈≈≈≈≈≈≈≈≈g≈≈≈≈ ...≈≈≈≈≈≈≈≈≈≈≈≈
...............h. ...............
h............... ..>......######
##...##...#....# ##.......#
#...##...#....######.......#
#####..........g@†....###'#.#
.####.....................#.#
....#.....................#÷#
....####.##....)...###....#†#
....##....#........###....#.#
....##....#.................#
..........#...............###
..........#......#........#
....[.......##...#........#


You could see a gnoll.

Vanquished Creatures
  An orc wizard (D:3)
  Natasha (twice) (D:3)
  2 gnolls (D:3)
  5 adders
  2 oozes (D:3)
  A worm (D:2)
  4 dart slugs
  A leopard gecko (D:1)
  8 orcs (D:3)
  12 bats
  5 giant cockroaches
  4 hobgoblins
  24 jackals
  3 ball pythons
  4 frilled lizards
  7 goblins
  9 kobolds
  6 rats
100 creatures vanquished.

Vanquished Creatures (others)
  A bat (D:1)
1 creature vanquished.

Grand Total: 101 creatures vanquished

Notes
Turn   | Place    | Note
-------+----------+-------------------------------------------
     0 | D:1      | Kaname the Demonspawn Wizard began the quest for the Orb.
     0 | D:1      | Reached XP level 1. HP: 13/13 MP: 4/4
   311 | D:1      | Reached skill level 2 in Conjurations
   338 | D:1      | Gained mutation: You are immune to rotting. [demonic ancestry]
   338 | D:1      | Reached XP level 2. HP: 19/19 MP: 1/6
   342 | D:1      | Learned a level 2 spell: Blink
   618 | D:1      | Reached skill level 3 in Conjurations
   736 | D:1      | Reached XP level 3. HP: 24/24 MP: 1/7
   771 | D:1      | Reached skill level 1 in Translocations
   776 | D:1      | Learned a level 3 spell: Mephitic Cloud
  1150 | D:2      | Reached skill level 1 in Poison Magic
  1158 | D:2      | Reached skill level 1 in Air Magic
  1250 | D:2      | Reached XP level 4. HP: 18/30 MP: 2/8
  1509 | D:2      | Learned a level 3 spell: Conjure Flame
  1866 | D:3      | Reached skill level 4 in Conjurations
  1926 | D:3      | Found a hazy altar of Hepliaklqana.
  2117 | D:3      | HP: 1/30 [orc/short sword (5)]
  2236 | D:3      | Found a blossoming altar of Fedhas.
  2254 | D:3      | Noticed an oklob plant
  2286 | D:3      | Gained mutation: You have sharp toenails. [demonic ancestry]
  2286 | D:3      | Reached XP level 5. HP: 21/35 MP: 3/9
  2628 | D:3      | Reached skill level 5 in Conjurations
  2903 | D:3      | Reached skill level 1 in Fire Magic
  2906 | D:3      | Noticed Natasha
  3014 | D:3      | Killed Natasha
  3021 | D:3      | Noticed Natasha
  3042 | D:3      | Killed Natasha
  3042 | D:3      | Gained mutation: You are partially covered in icy blue scales. (AC +2) [demonic ancestry]
  3042 | D:3      | Reached XP level 6. HP: 26/41 MP: 0/10
  3043 | D:3      | Quit the game

Vault maps used:
D:1:      nzn_arrival_settlement, minmay_heptomino_w4
D:2:      first_bread
D:3:      lemuel_castle_with_subvaults, old_standard_altar, tgw_fedhas,
          lemuel_another_geyser, uniq_natasha

Skill      XL: |  1  2  3  4  5 |
---------------+----------------+-----
Conjurations   | 2 3 4 5 |  5.5
Translocations | 1 |  1.0
Poison Magic   | 1 |  1.0
Air Magic      | 1 |  1.0
Fire Magic     | 1 |  1.0
Dodging        | |  1.7
Stealth        | |  1.7
Spellcasting   | |  3.0
Summonings     | |  1.0

Action                   |  1- 3 |  4- 6 || total
-------------------------+-------+-------++-------
Melee: Short sword       |    73 |    45 ||   118
       Spear             |       |    32 ||    32
       Trident           |       |    49 ||    49
       Kick              |       |    11 ||    11
 Cast: Magic Dart        |    74 |   122 ||   196
       Mephitic Cloud    |       |     2 ||     2
       Blink             |       |     1 ||     1
  Use: Scroll            |       |     2 ||     2
 Stab: Sleeping          |     1 |     2 ||     3
  Eat: Chunk             |     1 |     6 ||     7
Armor: Robe              |    25 |    21 ||    46
Dodge: Dodged            |    62 |   103 ||   165

Table legend:
 A = Spawn XP
 B = Non-spawn XP
 C = Spawn XP percentage of total XP
 D = Spawn monster count
 E = Non-spawn monster count
 F = Spawn count percentage of total count
 G = Total turns spent on level
                    A         B        C        D         E        F      G
               +---------+---------+-------+---------+---------+-------+---------
         Total |       0 |     392 |   0.0 |       0 |     100 |   0.0 |  3043
               +---------+---------+-------+---------+---------+-------+---------
           D:1 |       0 |      54 |   0.0 |       0 |      32 |   0.0 |   985
           D:2 |       0 |      87 |   0.0 |       0 |      27 |   0.0 |  1022
           D:3 |       0 |     251 |   0.0 |       0 |      41 |   0.0 |  1036
               +---------+---------+-------+---------+---------+-------+---------
